 Dungeon Crawl Stone Soup version 0.30-a0-711-gf4ac18a38d (webtiles) character file.

Game seed: 14823313509608544714

272 purpskrrrp the Skirmisher (level 6, 0/31 HPs)
             Began as a Tengu Hunter on Jan 22, 2023.
             Slain by an iguana (11 damage)
             ... on level 4 of the Dungeon.
             The game lasted 00:05:08 (3108 turns).

purpskrrrp the Skirmisher (Tengu Hunter)            Turns: 3108, Time: 00:05:08

Health: 0/31       AC:  6    Str: 11    XL:     6   Next: 23%
Magic:  7/7        EV: 14    Int: 10    God:
Gold:   254        SH:  0    Dex: 19    Spells: 5/5 levels left

rFire   . . .      SeeInvis .    a - +0 shortbow
rCold   . . .      Faith    .    (shield currently unavailable)
rNeg    . . .      Spirit   .    c - +0 leather armour
rPois   .          Reflect  .    (helmet restricted)
rElec   .          Harm     .    (no cloak)
rCorr   .          Rampage  .    f - +0 pair of gloves
Will    .....                    (boots unavailable)
Stlth   ++                       (no amulet)
HPRegen 0.00/turn                (no ring)
MPRegen 0.10/turn                (no ring)

@: weak-willed, flying quickly and evasively, inhibited regen, quick
A: beak, talons 3, nimble flight, iridescent scales 1, frail 1, inhibited
regeneration, wild magic 1
a: no special abilities


You were on level 4 of the Dungeon.
You visited 1 branch of the dungeon, and saw 5 of its levels.

You collected 254 gold pieces.

Inventory:

Hand Weapons
 a - a +0 shortbow (weapon)
Missiles
 l - 6 poisoned darts
Armour
 c - a +0 leather armour (worn)
 f - a +0 pair of gloves (worn)
Jewellery
 r - an amulet of the acrobat
Wands
 g - a wand of digging (1)
 n - a wand of roots (9)
Scrolls
 b - 3 scrolls of immolation
 d - a scroll of summoning
Potions
 e - a potion of lignification
 h - a potion of invisibility
 i - a potion of haste {unknown}
 j - 2 potions of ambrosia
 p - a potion of might {unknown}


   Skills:
 - Level 2.0 Fighting
 + Level 8.0 Ranged Weapons
 - Level 2.1 Dodging
 - Level 1.0 Stealth


You had 5 spell levels left.
You didn't know any spells.
Your spell library contained the following spells:

 Spells                   Type           Power      Damage    Failure   Level
 Magic Dart               Conj           0%         1d3       54%         1
 Call Imp                 Summ           0%         N/A       67%         2
 Call Canine Familiar     Summ           0%         N/A       88%         3
 Mephitic Cloud           Conj/Pois/Air  0%         N/A       88%         3
 Portal Projectile        Hex/Tloc       0%         N/A       88%         3
 Leda's Liquefaction      Hex/Erth       0%         N/A       99%         4
 Manifold Assault         Tloc           0%         N/A       99%         4
 Dispersal                Tloc           0%         N/A       100%        6
 Disjunction              Tloc           0%         N/A       100%        8


Dungeon Overview and Level Annotations

Branches:
Dungeon (5/15)
 Temple: D:4-7

Altars:


Innate Abilities, Weirdness & Mutations

You have a beak for a mouth.
You have claws for feet.
Your magical nature lets you fly swiftly and evasively.
You are partially covered in iridescent scales. (AC +2)
You are frail. (-10% HP)
You do not regenerate when monsters are visible.
Your spells are a little harder to cast, but a little more powerful.


Message History

There is a stone staircase leading down here.
Done exploring.
Done exploring.
Done exploring.
Done exploring.
Key pressed, stopping explore.
No target in view!
Done exploring.
As you read the scroll of identify, it crumbles to dust.
h - a potion of invisibility
As you read the scroll labelled DOC DE WUMIYHOAT, it crumbles to dust.
Magic quickly surges around you.
It was a scroll of vulnerability.
Done exploring.
Done exploring.
There is a stone staircase leading down here.
You fly downwards.
Found a stone staircase leading up.
There is a stone staircase leading up here.
You shoot an arrow. The arrow completely misses the iguana.
The iguana hisses angrily.
You shoot an arrow. The arrow hits the iguana.
The iguana is moderately wounded.
You shoot an arrow. The arrow hits the iguana.
The iguana is moderately wounded.
You shoot an arrow. The arrow barely misses the iguana.
The iguana bites you but does no damage.
You fly upwards.
There is a stone staircase leading down here.
You shoot an arrow. The arrow barely misses the iguana.
The iguana bites you!
You shoot an arrow. The arrow hits the iguana.
The iguana is severely wounded.
The iguana barely misses you.
You shoot an arrow.
The arrow hits the iguana but does no damage.
The iguana is severely wounded.
The iguana barely misses you.
You shoot an arrow. The arrow hits the iguana.
The iguana is almost dead.
The iguana bites you! x2
You die...

##............#.......##
#......................#
####......................#
######......>..................#
.......#....................<.##
#)....#....<.........###......#
......#...............###....##
......#...............# ##..##
.......#.......l@.....## ####
..)................[...#
.......................#
.###...###...........(.###### .#
#...####..........#..##..# .#
##...# ##....#######.#...# ##
#...# ###### #.....# # ##..#
##....# #..## #....#


You could see an iguana.

Vanquished Creatures
  A phantom (D:4)
  A howler monkey (D:4)
  A hound (D:4)
  4 gnolls (D:3)
  2 adders (D:3)
  A worm (D:2)
  A dart slug (D:3)
  4 orcs (D:4)
  9 ball pythons
  5 bats
  3 endoplasms
  A giant cockroach (D:2)
  6 goblins
  4 hobgoblins
  7 jackals
  7 kobolds
  2 frilled lizards (D:1)
  7 rats
66 creatures vanquished.

Notes
Turn   | Place    | Note
-------+----------+-------------------------------------------
     0 | D:1      | purpskrrrp the Tengu Hunter began the quest for the Orb.
     0 | D:1      | Reached XP level 1. HP: 12/12 MP: 2/2
    34 | D:1      | Reached XP level 2. HP: 15/17 MP: 3/3
   125 | D:1      | Reached skill level 5 in Ranged Weapons
   488 | D:1      | Reached XP level 3. HP: 21/21 MP: 4/4
   531 | D:1      | Found a faded altar of an unknown god.
   733 | D:1      | Gained mutation: Your spells are a little harder to cast,
                  | but a little more powerful. [potion of mutation]
   733 | D:1      | Gained mutation: You are frail. (-10% HP) [potion of
                  | mutation]
   733 | D:1      | Gained mutation: You do not regenerate when monsters are
                  | visible. [potion of mutation]
   733 | D:1      | Gained mutation: You are partially covered in iridescent
                  | scales. (AC +2) [potion of mutation]
  1616 | D:3      | Reached skill level 6 in Ranged Weapons
  1620 | D:3      | Reached XP level 4. HP: 20/23 MP: 5/5
  2203 | D:4      | Noticed a phantom
  2235 | D:4      | Reached skill level 7 in Ranged Weapons
  2235 | D:4      | Gained mutation: Your magical nature lets you fly swiftly
                  | and evasively. [Tengu growth]
  2235 | D:4      | Reached XP level 5. HP: 26/27 MP: 6/6
  2289 | D:4      | Killed a phantom
  2293 | D:4      | Reached skill level 8 in Ranged Weapons
  2293 | D:4      | Reached XP level 6. HP: 17/31 MP: 7/7
  3098 | D:5      | Entered Level 5 of the Dungeon
  3098 | D:5      | Noticed an ice beast
  3108 | D:4      | Slain by an iguana

Illustrated notes

Levels and vault maps discovered:
D:1:      ncdulo_lavacross, layout_loops_ring, shapermc_ecumenical_altar_pompeii
D:2:      layout_basic
D:3:      layout_basic, hangedman_decor_points
D:4:      layout_cave_pods
D:5:      layout_rooms, uniq_menkaure

Skill      XL: |  1  2  3  4  5 |
---------------+----------------+-----
Ranged Weapons | 5 6 7 8 |  8.0
Fighting       | |  2.0
Dodging        | |  2.1
Stealth        | |  1.0

Action                     |  1- 3 |  4- 6 || total
---------------------------+-------+-------++-------
   Fire: Shortbow          |   153 |    91 ||   244
    Use: Potion            |     2 |     3 ||     5
         Scroll            |     2 |    10 ||    12
 Armour: Leather armour    |    31 |    28 ||    59
  Dodge: Dodged            |    62 |    64 ||   126

Table legend: (Time is in decaauts)
 A = Elapsed time spent in this place.
 B = Non-inter-level travel time spent in this place.
 C = Inter-level travel time spent in this place.
 D = Time resting spent in this place.
 E = Time spent auto-exploring this place.
 F = Levels seen in this place.
 G = Mean time per level.
                   A        B        C        D        E       F      G
               +--------+--------+--------+--------+--------+-----+--------+
         Total |   3095 |   2973 |    122 |    214 |   2277 |   5 |  619.0 |
       Dungeon |   3095 |   2973 |    122 |    214 |   2277 |   5 |  619.0 |
               +--------+--------+--------+--------+--------+-----+--------+

Top non-repeatable levels by time:
     D:3: 813 daAuts
     D:4: 811 daAuts
     D:1: 770 daAuts
     D:2: 694 daAuts
     D:5: 6 daAuts
